 Dungeon Crawl Stone Soup version 0.25-b1-41-g19641232cd (webtiles) character file.

Game seed: 15738688200379694398

60 Jakers the Caller (level 3, 0/19 HPs)
             Began as a Deep Elf Summoner on June 8, 2020.
             Succumbed to an adder's poison
             ... on level 2 of the Dungeon.
             The game lasted 00:04:18 (2152 turns).

Jakers the Caller (Deep Elf Summoner)               Turns: 2152, Time: 00:04:19

Health: 0/19       AC:  4    Str:  5    XL:     3   Next: 80%
Magic:  7/9        EV: 13    Int: 20    God:
Gold:   73         SH:  0    Dex: 15    Spells: 5/8 levels left

rFire    . . .     SeeInvis .   d - +1 short sword
rCold    . . .     Gourm    .   (no shield)
rNeg     . . .     Faith    .   a - +0 robe
rPois    .         Spirit   .   j - +1 hat
rElec    .         Reflect  .   (no cloak)
rCorr    .         Harm     .   (no gloves)
MR       .....                  b - +0 pair of boots
Stlth    ++........             (no amulet)
HPRegen  0.06/turn              (no ring)
MPRegen  0.11/turn              (no ring)

@: lethally poisoned (0 -> -3)
A: no striking features
a: no special abilities


You were on level 2 of the Dungeon.
You were very hungry.

You visited 1 branch of the dungeon, and saw 2 of its levels.

You collected 73 gold pieces.

Inventory:

Hand Weapons
 d - a +1 short sword (weapon)
Armour
 a - a +0 robe (worn)
 b - a +0 pair of boots (worn)
 j - a +1 hat (worn)
Jewellery
 e - a cursed amulet of inaccuracy {unknown}
 q - an uncursed amulet of regeneration {unknown}
Wands
 f - a wand of random effects (20)
Scrolls
 g - 2 scrolls of remove curse
 h - 5 scrolls of identify
 i - a scroll of enchant weapon
 n - a scroll of fog
Potions
 k - 2 potions of cancellation
Comestibles
 c - 7 rations


   Skills:
 - Level 2.4 Dodging
 - Level 2.4 Stealth
 - Level 3.0 Spellcasting
 + Level 6.0 Summonings


You had 5 spell levels left.
You knew the following spells:

 Your Spells              Type           Power        Failure   Level  Hunger
a - Summon Small Mammal   Summ           ####         1%          1    None
b - Call Imp              Summ           ####....     1%          2    ##.....

Your spell library contained the following spells:

 Spells                   Type           Power        Failure   Level  Hunger
 Call Canine Familiar     Summ           ####....     3%          3    ###....
 Summon Guardian Golem    Hex/Summ       ###.....     12%         3    ###....
 Summon Ice Beast         Ice/Summ       ###.....     38%         4    ####...
 Summon Lightning Spire   Summ/Air       ###.....     38%         4    ####...


Dungeon Overview and Level Annotations

Branches:
Dungeon (2/15)

Altars:


Message History

* * * LOW HITPOINT WARNING * * *
You feel sick. The adder bites your white imp.
Your quokka misses the adder.
Your white imp gestures at the adder.
The puff of frost hits the adder!
The adder dies!
Okay, then.
Okay, then.
* * * LOW HITPOINT WARNING * * *
You feel sick.
* * * LOW HITPOINT WARNING * * *
You feel sick.
* * * LOW HITPOINT WARNING * * *
You feel sick.
Unknown command.
* * * LOW HITPOINT WARNING * * *
You feel sick.
You see here a hunting sling.
There is a lethal amount of poison in your body!
There is a lethal amount of poison in your body!
You die...

.............(.......##......# #
#####...#########..####......# #
# #...# #.......######### # #...#
##.###### #.(.<. # #.รทรท# #.#
#.#### ### #...# #.#########)####
..# #...##########.#......##.##..
..####..........##.#.####5##.##.#
..#......###....@5...####.##.##.#
.........#.......................
..#.......#.......#..####.#######
..#.#.#..###.......#5####.#
..#.....## ##.....##(.....#
######...###(.....######### ###
#.##.#.#####.# ..#
#.###..#####.####
#.####.####..........#


You could see a friendly crimson imp (summoned) and a friendly white imp
(summoned).

Vanquished Creatures
  Jessica (D:2)
  A dart slug (D:2)
  2 ball pythons
  A giant cockroach (D:2)
  2 goblins (D:1)
  A jackal (D:2)
  4 kobolds
  4 bats
  4 frilled lizards
  8 rats
28 creatures vanquished.

Vanquished Creatures (collateral kills)
  An adder (D:2)
  2 dart slugs (D:1)
  A goblin (D:1)
  A hobgoblin (D:1)
  3 jackals (D:2)
  A kobold (D:1)
  3 bats (D:1)
  2 frilled lizards
  A rat (D:1)
15 creatures vanquished.

Grand Total: 43 creatures vanquished

Notes
Turn   | Place    | Note
-------+----------+-------------------------------------------
     0 | D:1      | Jakers the Deep Elf Summoner began the quest for the Orb.
     0 | D:1      | Reached XP level 1. HP: 10/10 MP: 6/6
   449 | D:1      | Reached XP level 2. HP: 12/15 MP: 4/8
   455 | D:1      | Reached skill level 5 in Summonings
  1194 | D:2      | Learned a level 2 spell: Call Imp
  1326 | D:2      | Reached XP level 3. HP: 14/19 MP: 3/9
  1572 | D:2      | Noticed Jessica
  1585 | D:2      | Killed Jessica
  1985 | D:2      | Reached skill level 6 in Summonings
  2152 | D:2      | Succumbed to an adder's poison

Illustrated notes

Levels and vault maps discovered:
D:1:      matt_arrival_grand_opening, layout_basic
D:2:      layout_loops_cross, uniq_jessica

Skill      XL: |  1  2  3 |
---------------+----------+-----
Summonings     | 5 6 |  6.0
Dodging        | |  2.4
Stealth        | |  2.4
Spellcasting   | |  3.0

Action                   || total
-------------------------++-------
Melee: Short sword       ||   118
       Unarmed           ||     1
 Cast: Summon Small Mamm ||    24
       Call Imp          ||     7
  Use: Scroll            ||     8
       Potion            ||     2
 Stab: Sleeping          ||     5
       Distracted        ||     2
  Eat: Chunk             ||     3
Armor: Robe              ||    41
Dodge: Dodged            ||   124
